 Dungeon Crawl Stone Soup version 0.24.0-125-gc4c63601f3 (webtiles) character file.

Game seed: 540449974151180874, levelgen mode: deterministic

14 Ceapi the Sneak (level 2, -2/15 HPs)
             Began as a Spriggan Assassin on Feb 17, 2020.
             Slain by a hippogriff (4 damage)
             ... on level 2 of the Dungeon.
             The game lasted 00:06:25 (1470 turns).

Ceapi the Sneak (Spriggan Assassin)                 Turns: 1470, Time: 00:06:25

Health: -2/15      AC:  3    Str:  7    XL:     2   Next: 31%
Magic:  3/3        EV: 17    Int: 12    God:
Gold:   141        SH:  0    Dex: 17    Spells: 1/1 levels left

rFire    . . .     SeeInvis +   a - +2 dagger
rCold    . . .     Gourm    .   (shield restricted)
rNeg     . . .     Faith    .   b - +0 robe
rPois    .         Spirit   .   (helmet restricted)
rElec    .         Reflect  .   c - +0 cloak
rCorr    .         Harm     .   (gloves unavailable)
MR       .....                  (boots unavailable)
Stlth    +++.......             (no amulet)
HPRegen  0.05/turn              (no ring)
MPRegen  0.08/turn              (no ring)

@: very quick
A: very small, unfitting armour, see invisible, herbivore, speed 3, slow
metabolism 2
a: no special abilities


You were on level 2 of the Dungeon.
You were not hungry.

You visited 1 branch of the dungeon, and saw 2 of its levels.

You collected 141 gold pieces.

Inventory:

Hand Weapons
 a - a +2 dagger (weapon)
Missiles
 d - 8 poisoned darts (quivered)
 e - 2 curare-tipped darts
Armour
 b - a +0 robe (worn)
 c - a +0 cloak (worn)
Scrolls
 i - 2 scrolls of teleportation {unknown}
 j - a scroll of magic mapping {unknown}
 k - a scroll of immolation {unknown}
Potions
 g - 2 potions of degeneration {unknown}
 h - a potion of flight {unknown}
 l - a potion of heal wounds {unknown}
 m - a potion of cancellation {unknown}
Comestibles
 f - 5 rations


   Skills:
 - Level 1.7 Fighting
 * Level 2.7 Short Blades
 - Level 2.1 Throwing
 - Level 1.5 Dodging
 * Level 6.1 Stealth


You had one spell level left.
You didn't know any spells.
Your spell library contained the following spells:

 Spells                   Type           Power        Failure   Level  Hunger
 Beastly Appendage        Tmut           #.....       32%         1    ##.....
 Sticks to Snakes         Tmut           #.......     45%         2    ###....
 Spider Form              Tmut/Pois      #.........   69%         3    ####...
 Ice Form                 Ice/Tmut       #.......     97%         4    #####..
 Blade Hands              Tmut           #.........   100%        5    ######.


Dungeon Overview and Level Annotations

Branches:
Dungeon (2/15)

Altars:


Innate Abilities, Weirdness & Mutations

You are very small and have problems with some larger weapons.
You are too small for most types of armour.
You have supernaturally acute eyesight. (SInv)
You are a herbivore.
You cover ground extremely quickly.
You need to consume almost no food.


Message History

You hit the hippogriff.
The hippogriff is lightly wounded.
The hippogriff bites you. The hippogriff closely misses you.
The hippogriff claws you.
You hit the hippogriff but do no damage.
The hippogriff is lightly wounded.
The hippogriff misses you. The hippogriff closely misses you.
The hippogriff barely misses you.
You hit the hippogriff but do no damage.
The hippogriff is lightly wounded.
The hippogriff bites you.
* * * LOW HITPOINT WARNING * * *
The hippogriff misses you. x2
You hit the hippogriff.
The hippogriff is lightly wounded.
The hippogriff misses you. The hippogriff barely misses you. x2
You hit the hippogriff.
The hippogriff is moderately wounded.
The hippogriff closely misses you. The hippogriff pecks you.
You die...

#### ...# ####### #### ...#
#.....# .... ...#
##....?###.....
...############........#.....
..............'........'.....
.>.........####........#.....
#'#...####..# #........# ....
#.#...# ###.# #.@......# .g.
#.#...# #...###.H......# .
#.#...# #....##........#
#.#[..# #....##........#
#.#...# #....##........# #.#
#.....#....!...# #.#
#...#.#####.#### #.# #...#.#
#.# #.# #...#.# #.#


You could see a hippogriff.

Vanquished Creatures
  A giant cockroach (D:1)
  2 goblins (D:1)
  A quokka (D:2)
  A bat (D:1)
  4 frilled lizards
  4 kobolds
  2 rats
15 creatures vanquished.

Notes
Turn   | Place    | Note
-------+----------+-------------------------------------------
     0 | D:1      | Ceapi the Spriggan Assassin began the quest for the Orb.
     0 | D:1      | Reached XP level 1. HP: 10/10 MP: 2/2
   750 | D:1      | Reached skill level 6 in Stealth
   753 | D:1      | Reached XP level 2. HP: 15/15 MP: 3/3
  1249 | D:2      | Noticed a hippogriff
  1470 | D:2      | Slain by a hippogriff

Levels and vault maps discovered:
D:1:      zelgadis_glass_arrival_large, layout_loops_cross
D:2:      layout_basic, first_ration, st_stairs_8

Skill      XL: |  1 |
---------------+----+-----
Stealth        | 6 |  6.1
Fighting       | |  1.7
Short Blades   | |  2.7
Throwing       | |  2.1
Dodging        | |  1.5

Action                   || total
-------------------------++-------
Melee: Dagger            ||    64
 Stab: Sleeping          ||     3
Armor: Robe              ||     3
Dodge: Dodged            ||    54
